 Dungeon Crawl Stone Soup version 0.22-b1-59-g0aedee734a (webtiles) character file.

483 Kirk the Chopper (level 6, -1/44 HPs)
             Began as a Demonspawn Skald on Aug 10, 2018.
             Slain by an ogre
             ... wielding a +0 giant club
              (25 damage)
             ... on level 4 of the Dungeon.
             The game lasted 00:09:41 (3499 turns).

Kirk the Chopper (Demonspawn Skald)                 Turns: 3499, Time: 00:09:42

Health: -1/44      AC:  7    Str: 12    XL:     6   Next: 87%
Magic:  10/10      EV: 11    Int: 20    God:
Gold:   222        SH:  0    Dex: 12    Spells: 1/10 levels left

rFire    . . .     SeeInvis .   a - +1 hand axe
rCold    . . .     Gourm    .   (no shield)
rNeg     . . .     Faith    .   b - +0 leather armour
rPois    +         Spirit   .   (helmet restricted)
rElec    +         Reflect  .   (no cloak)
rCorr    .         Harm     .   r - +1 pair of gloves
MR       .....                  (no boots)
Stlth    +.........             c - amulet of the acrobat
HPRegen  0.14/turn              s - ring of poison resistance
MPRegen  0.12/turn              h - +4 ring of slaying

@: no status effects
A: horns 2, iridescent scales 1, clever 2, electricity resistance, rot immunity,
subdued magic 1
a: no special abilities


You were on level 4 of the Dungeon.
You were not hungry.

You visited 2 branches of the dungeon, and saw 5 of its levels.

You collected 222 gold pieces.

Inventory:

Hand Weapons
 a - a +1 hand axe (weapon)
 q - a +0 war axe
Armour
 b - a +0 leather armour (worn)
 p - a +0 buckler
 r - a +1 pair of gloves (worn)
Jewellery
 c - an amulet of the acrobat (around neck)
 h - a +4 ring of slaying (right hand)
 i - an uncursed amulet of magic regeneration
 s - a ring of poison resistance (left hand)
Wands
 t - a wand of flame (27)
Scrolls
 e - a scroll of teleportation
 g - 2 scrolls of remove curse
 k - a scroll of enchant weapon
Potions
 f - a potion of brilliance {unknown}
 j - a potion of heal wounds
 l - a potion of ambrosia {unknown}
 m - 3 potions of curing
 n - a potion of lignification {unknown}
 o - a potion of mutation
Comestibles
 d - 7 rations
 u - 2 chunks of flesh


   Skills:
 - Level 2.0 Fighting
 + Level 5.9 Axes
 - Level 0.8 Armour
 - Level 1.7 Dodging
 + Level 2.9 Spellcasting
 + Level 3.6 Charms
 + Level 0.1 Translocations
 + Level 0.1 Evocations


You had one spell level left.
You knew the following spells:

 Your Spells              Type           Power        Failure   Level  Hunger
a - Infusion              Chrm           ##..         3%          1    None
b - Song of Slaying       Chrm           ##......     4%          2    ##.....
c - Shroud of Golubria    Chrm/Tloc      #.........   11%         2    ##.....
d - Regeneration          Chrm/Necr      #.........   22%         3    ###....
e - Apportation           Tloc           #.....       14%         1    None

Your spell library contained the following spells:

 Spells                   Type           Power        Failure   Level  Hunger
 Summon Small Mammal      Summ           #...         16%         1    None
 Animate Skeleton         Necr           N/A          16%         1    None
 Confusing Touch          Hex            #.....       16%         1    None
 Spectral Weapon          Hex/Chrm       #.......     22%         3    ###....


Dungeon Overview and Level Annotations

Branches:
Dungeon (4/15)             Temple (1/1) D:4

Altars:
Ashenzari
Cheibriados
Dithmenos
Elyvilon
Fedhas
Gozag
Hepliaklqana
Kikubaaqudgha
Makhleb
Nemelex Xobeh
Qazlal
Ru
Sif Muna
Trog
Uskayaw
Vehumet
Wu Jian
Xom
Yredelemnul
Zin
The Shining One


Innate Abilities, Weirdness & Mutations

You have a pair of horns on your head.
You are partially covered in iridescent scales. (AC +2)
You are immune to rotting.
Your mind is very acute. (Int +4)
You are resistant to electric shocks. (rElec)
Your spells are a little easier to cast, but a little less powerful.


Message History

A phantom is nearby!
The phantom blinks!
No target in view!
No target in view!
The ogre shouts!
The ogre is too close now for your liking.
There is an escape hatch in the floor here.
You hit the ogre.
The ogre is moderately wounded.
The ogre closely misses you.
An iguana comes into view.
The iguana hisses angrily.
You hit the ogre.
The ogre is moderately wounded.
The phantom blinks!
The ogre hits you with a giant club!!
You slash the ogre!
The ogre is severely wounded.
The ogre hits you with a giant club!!
Ouch! That really hurt!
You die...

##.#.#...>...#.........
##..(..........########
.....#.......#......#..
######
##.............####.#.#
.....# #...#.#.#.#.#.#
#.... .....#
#.............# ###.#
.....# #...........###
#.# .....# ####O.#####.#
#.#
.....###########@#####.#
#.#
.#####...............l.#
#..
.....#.##########ยง####.#
### ####.#.#
###.......##.#########.
#.#.#
#....##...##.#.........
#.#.#
#.######..##.#.........
#.#.#
#.#.......##.#.........
####.#.#
#.#.####.###.#.........
.....#.####.#.#
#..##.#########.


You could see an ogre and an iguana.

Vanquished Creatures
  An ogre (D:4)
  A scorpion (D:4)
  A bullfrog skeleton (D:4)
  2 centaur skeletons (D:3)
  An orc wizard (D:4)
  A worker ant (D:4)
  3 hound skeletons (D:3)
  A howler monkey zombie (D:3)
  A worker ant zombie (D:3)
  4 adders (D:3)
  A gnoll (D:4)
  2 oozes
  3 adder zombies (D:3)
  2 worms
  An adder skeleton (D:3)
  3 leopard geckos
  2 orcs (D:4)
  6 giant cockroaches
  4 goblins
  7 hobgoblins
  4 jackals
  6 kobolds
  3 quokkas
  5 bats
  6 frilled lizards
  A jackal zombie (D:3)
  A quokka skeleton (D:3)
  11 rats
84 creatures vanquished.

Notes
Turn   | Place    | Note
-------+----------+-------------------------------------------
     0 | D:1      | Kirk the Demonspawn Skald began the quest for the Orb.
     0 | D:1      | Reached XP level 1. HP: 16/16 MP: 3/3
    84 | D:1      | Reached skill level 2 in Axes
   100 | D:1      | Gained mutation: You have a pair of small horns on your head. [demonic ancestry]
   100 | D:1      | Reached XP level 2. HP: 19/22 MP: 1/5
   859 | D:2      | Gained mutation: You are partially covered in iridescent scales. (AC +2) [demonic ancestry]
   859 | D:2      | Reached XP level 3. HP: 23/27 MP: 6/6
  1665 | D:3      | Reached skill level 3 in Axes
  1670 | D:3      | Reached XP level 4. HP: 21/33 MP: 0/7
  2003 | D:3      | Reached skill level 4 in Axes
  2183 | D:3      | Gained mutation: Your mind is acute. (Int +2) [potion of mutation]
  2183 | D:3      | Gained mutation: Your mind is very acute. (Int +4) [potion of mutation]
  2183 | D:3      | Gained mutation: Your spells are a little easier to cast, but a little less powerful. [potion of mutation]
  2183 | D:3      | Gained mutation: You are resistant to electric shocks. (rElec) [potion of mutation]
  2187 | D:3      | Learned a level 2 spell: Song of Slaying
  2233 | D:3      | Gained mutation: You are immune to rotting. [demonic ancestry]
  2233 | D:3      | Reached XP level 5. HP: 38/38 MP: 8/8
  2369 | D:3      | Reached skill level 5 in Axes
  2691 | D:4      | Noticed a phantom
  2691 | D:4      | Noticed an ogre
  2748 | D:4      | Noticed an ogre
  2803 | D:4      | Gained mutation: You have a pair of horns on your head. [demonic ancestry]
  2803 | D:4      | Reached XP level 6. HP: 41/44 MP: 2/9
  2908 | D:4      | Found a staircase to the Ecumenical Temple.
  2937 | Temple   | Entered the Ecumenical Temple
  3130 | D:4      | Learned a level 2 spell: Shroud of Golubria
  3134 | D:4      | Learned a level 3 spell: Regeneration
  3136 | D:4      | Learned a level 1 spell: Apportation
  3383 | D:4      | Found a radiant altar of Vehumet.
  3499 | D:4      | Slain by an ogre

Skill      XL: |  1  2  3  4  5 |
---------------+----------------+-----
Axes           | 2 3 4 5 |  5.9
Charms         | 3 |  3.6
Fighting       | |  2.0
Armour         | |  0.8
Dodging        | |  1.7
Spellcasting   | |  2.9
Translocations | |  0.1
Evocations     | |  0.1

Action                   |  1- 3 |  4- 6 || total
-------------------------+-------+-------++-------
Melee: Hand axe          |   126 |   134 ||   260
       Headbutt          |    14 |    28 ||    42
 Cast: Infusion          |     5 |     8 ||    13
       Song of Slaying   |       |     2 ||     2
       Shroud of Golubri |       |     1 ||     1
Evoke: Wand              |       |     6 ||     6
  Use: Scroll            |     6 |     6 ||    12
       Potion            |       |     1 ||     1
  Eat: Ration            |     1 |     1 ||     2
       Chunk             |     1 |     1 ||     2
Armor: Leather armour    |    35 |    54 ||    89
Dodge: Dodged            |   111 |    85 ||   196
